 Dungeon Crawl Stone Soup version 0.30-a0-772-g5528072125 (webtiles) character file.

Game seed: 13132083626824317404

25 tilp the Covered (level 3, -4/31 HPs)
             Began as a Meteoran Fighter on Feb 12, 2023.
             Slain by Natasha (7 damage)
             ... on level 3 of the Dungeon.
             The game lasted 00:03:14 (689 turns).

tilp the Covered (Meteoran Fighter)                  Turns: 689, Time: 00:03:14

Health: -4/31      AC:  7    Str: 18    XL:     3   Next: 35%
Magic:  4/4        EV:  9    Int:  9    God:
Gold:   60         SH:  5    Dex: 15    Spells: 2/2 levels left

rFire   . . .      SeeInvis .    a - +0 long sword
rCold   . . .      Faith    .    c - +0 buckler
rNeg    . . .      Spirit   .    b - +0 scale mail
rPois   .          Reflect  .    (no helmet)
rElec   .          Harm     .    (no cloak)
rCorr   +          Rampage  .    (no gloves)
Will    .....                    (no boots) Stlth
                                 (no amulet)
HPRegen 0.25/turn                j - ring of resist corrosion
MPRegen 0.09/turn                (no ring)

@: glowing
A: sense surroundings 1, otherworldly, glowing, explore regen
a: no special abilities


You were on level 3 of the Dungeon.
You visited 1 branch of the dungeon, and saw 4 of its levels.

You collected 60 gold pieces.

Inventory:

Hand Weapons
 a - a +0 long sword (weapon)
Missiles
 g - 6 stones (quivered)
 i - 2 curare-tipped darts
Armour
 b - a +0 scale mail (worn)
 c - a +0 buckler (worn)
Jewellery
 j - a ring of resist corrosion (left hand)
Scrolls
 e - a scroll of blinking {unknown}
 k - 2 scrolls of identify
Potions
 d - 2 potions of might
 f - a potion of curing
 h - a potion of magic


   Skills:
 + Level 3.4 Fighting
 * Level 2.9 Long Blades
 + Level 3.8 Armour
 * Level 1.3 Dodging
 * Level 0.6 Stealth
 + Level 3.8 Shields


You had 2 spell levels left.
You didn't know any spells.
Your spell library was empty.

Dungeon Overview and Level Annotations

Branches:
Dungeon (4/15) Zot: 1693
 Temple: D:4-7

Altars:

Annotations:
D:3 Natasha


Innate Abilities, Weirdness & Mutations

You passively map a small area around you.
You are easily found by Zot.
You glow in the dark.
You regain HP and MP as you explore.


Message History

Natasha is heavily wounded.
Natasha claws you but does no damage.
You hit Natasha.
Natasha is severely wounded.
Natasha barely misses you. Natasha claws you.
You closely miss Natasha.
Natasha is severely wounded.
Natasha casts a spell at you. The magic dart hits you.
You are too injured to fight recklessly!
You are too injured to fight recklessly!
You barely miss Natasha.
Natasha is severely wounded.
You block Natasha's attack.
You barely miss Natasha.
Natasha is heavily wounded.
You block Natasha's attack.
Natasha casts a spell.
You hit Natasha.
Natasha is severely wounded.
Natasha casts a spell at you. The magic dart hits you!
* * * LOW HITPOINT WARNING * * *
You hit Natasha but do no damage.
Natasha is severely wounded.
Natasha stares at you and mumbles some strange words.
The magic dart hits you.
* * * LOW HITPOINT WARNING * * *
The iron imp closely misses you.
You closely miss Natasha.
Natasha is severely wounded.
Natasha claws you.
* * * LOW HITPOINT WARNING * * *
The iron imp hits you but does no damage.
You barely miss Natasha.
Natasha is severely wounded.
Natasha claws you.
* * * LOW HITPOINT WARNING * * *
Natasha claws you!
You die...

.....#
####........#
######
#.#.#.#..#
#...#
#........#
#.#.#
*#.#.#.#..#
#.#.#
........)#
#.# #
,.##..####.#
#.# * * *..##
#..# ..#
..,###.##
.#..# **
#h@.# ## ....
......5### #
..# #####..*
* .# .., ##.
, ,, .# #* #.
* , .. #. *
.. * ,## * ,
,


You could see an iron imp (summoned) and Natasha.

Vanquished Creatures
  A shadow imp (D:3)
  A dart slug (D:1)
  3 bats
  A giant cockroach (D:3)
  3 goblins
  2 hobgoblins
  2 kobolds
  A ball python (D:3)
  A rat (D:3)
15 creatures vanquished.

Notes
Turn   | Place    | Note
-------+----------+-------------------------------------------
     0 | D:1      | tilp the Meteoran Fighter began the quest for the Orb.
     0 | D:1      | Reached XP level 1. HP: 19/19 MP: 2/2
    47 | D:1      | Reached XP level 2. HP: 23/26 MP: 3/3
   251 | D:3      | Reached skill level 1 in Dodging
   557 | D:3      | Found a faded altar of an unknown god.
   646 | D:3      | Reached XP level 3. HP: 31/31 MP: 4/4
   675 | D:3      | Noticed Natasha
   689 | D:3      | Slain by Natasha

Illustrated notes

Levels and vault maps discovered:
D:1:      ncdulo_watergridlock, layout_basic, nrook_mini_backslash
D:2:      layout_loops_corners
D:3:      layout_rooms, ebering_ecumenical_altar_rust, serial_co_window_serial,
          co_window_of_opportunity_a, co_window_paths_b,
          co_window_of_opportunity_a, co_window_of_opportunity_a,
          co_window_paths_a, co_window_paths_c, co_window_cross_4,
          co_window_unsneaky_path_c, co_window_4corner_b, co_window_4corner_a,
          glass_columns_b, glass_columns_a, glass_columns_a, glass_columns_b,
          kennysheep_doodads, uniq_natasha, uniq_terence, uniq_sigmund
D:4:      layout_basic, nicolae_tso_swordbearing_angel

Skill      XL: |  1  2 |
---------------+-------+-----
Dodging        | 1 |  1.3
Fighting       | |  3.4
Long Blades    | |  2.9
Armour         | |  3.8
Stealth        | |  0.6
Shields        | |  3.8

Action                     || total
---------------------------++-------
  Melee: Long sword        ||    52
    Use: Scroll            ||     5
 Armour: Scale mail        ||    34
  Dodge: Dodged            ||    22
  Block: Buckler           ||    18

Table legend: (Time is in decaauts)
 A = Elapsed time spent in this place.
 B = Non-inter-level travel time spent in this place.
 C = Inter-level travel time spent in this place.
 D = Time resting spent in this place.
 E = Time spent auto-exploring this place.
 F = Levels seen in this place.
 G = Mean time per level.
                   A        B        C        D        E       F      G
               +--------+--------+--------+--------+--------+-----+--------+
         Total |    705 |    679 |     26 |      0 |      0 |   4 |  176.2 |
       Dungeon |    705 |    679 |     26 |      0 |      0 |   4 |  176.2 |
               +--------+--------+--------+--------+--------+-----+--------+

Top non-repeatable levels by time:
     D:3: 467 daAuts
     D:2: 167 daAuts
     D:1: 64 daAuts
     D:4: 5 daAuts
